 Dungeon Crawl Stone Soup version 0.29-a0-344-ge2f44be95a (webtiles) character file.

Game seed: 607851229236353914

10528 Shayle the Fighter (level 11, -7/108 HPs)
             Began as a Tengu Brigand on Apr 22, 2022.
             Was a Believer of Vehumet.
             Mangled by a komodo dragon (19 damage)
             ... on level 1 of the Lair of Beasts.
             The game lasted 00:44:51 (15804 turns).

Shayle the Fighter (Tengu Brigand)                 Turns: 15804, Time: 00:44:52

Health: -7/108     AC: 25    Str: 12    XL:     11   Next: 63%
Magic:  21/23      EV:  2    Int: 21    God:    Vehumet [**....]
Gold:   415        SH:  0    Dex: 16    Spells: 16/25 levels left

rFire   . . .      SeeInvis .   x - +4 flail (vorpal)
rCold   . . .      Faith    .   (no shield)
rNeg    . . .      Spirit   .   (body armour currently unavailable)
rPois   +          Reflect  .   (helmet currently unavailable)
rElec   .          Harm     .   (cloak currently unavailable)
rCorr   .          Rampage  .   (gloves currently unavailable)
Will    .....      NoTele   +   (boots unavailable)
Stlth   +++.......              p - amulet of magic regeneration
HPRegen 0.28/turn               k - +6 ring of intelligence
MPRegen 0.58/turn               (no ring)

@: tree-form
A: stationary, stasis, torment immunity, boosted hp, (beak), (talons 3), nimble
flight
a: Renounce Religion


You were on level 1 of the Lair of Beasts.
You worshipped Vehumet.
Vehumet was pleased with you.
You were a tree.
You visited 3 branches of the dungeon, and saw 14 of its levels.

You collected 733 gold pieces.
You spent 318 gold pieces at shops.

Inventory:

Hand Weapons
 a - a +2 dagger
 x - a +4 vorpal flail (weapon)
 y - a +0 long sword of flaming
Missiles
 d - 49 poisoned darts (quivered)
 o - 209 stones
Armour
 b - a +0 robe
 c - a +0 cloak (melded)
 n - the +5 leather armour of Darkness {Regen+ Stlth+}
   (You found it on level 9 of the Dungeon)

   Regen:     It increases your rate of health regeneration.
   Stlth:     It makes you more stealthy.
 w - quicksilver dragon scales
 I - +0 acid dragon scales (melded)
 J - a +2 pair of gloves (melded)
Jewellery
 k - a +6 ring of intelligence (left branch)
 p - an amulet of magic regeneration (around neck)
 s - a ring of ice
 v - an amulet of guardian spirit
 D - a ring of willpower
Wands
 t - a wand of polymorph (13)
 K - a wand of charming (5)
Scrolls
 f - 3 scrolls of identify
 j - a scroll of holy word
 l - 5 scrolls of teleportation
 q - 3 scrolls of fog
 C - a scroll of enchant armour {unknown}
Potions
 g - 2 potions of mutation
 h - a potion of brilliance
 i - 7 potions of haste
 m - a potion of lignification
 r - 9 potions of curing
 u - a potion of resistance
 z - a potion of attraction
 A - 2 potions of berserk rage
 F - a potion of invisibility
 G - a potion of magic {unknown}
 H - 2 potions of cancellation


   Skills:
 + Level 10.0 Fighting
 - Level 2.1 Short Blades
 - Level 2.0 Throwing
 + Level 4.6 Armour
 - Level 9.5 Dodging
 - Level 6.6 Stealth
 + Level 7.7 Spellcasting
 + Level 3.5 Conjurations
 + Level 3.7 Air Magic
 + Level 3.7 Earth Magic


You had 16 spell levels left.
You knew the following spells:

 Your Spells              Type           Power      Damage    Failure   Level
a - Blink                 Tloc           16%        N/A       12%         2
b - Sandblast             Erth           46%        2d11      1%          1
c - Conjure Ball Lightni  Conj/Air       11%        3x3d6     96%         6

Your spell library contained the following spells:

 Spells                   Type           Power      Damage    Failure   Level
 Magic Dart               Conj           88%        1d7       1%          1
 Corpse Rot               Necr/Air       30%        N/A       6%          2
 Lesser Beckoning         Tloc           8%         N/A       24%         3
 Animate Armour           Summ/Erth      30%        N/A       36%         4
 Animate Dead             Necr           4%         N/A       63%         4
 Dispel Undead            Necr           8%         3d8       63%         4
 Borgnjor's Vile Clutch   Necr/Erth      7%         N/A       71%         5
 Blade Hands              Tmut           4%         N/A       92%         5
 Manifold Assault         Tloc           8%         N/A       92%         5
 Iron Shot                Conj/Erth      11%        9d3       96%         6
 Death Channel            Necr           4%         N/A       100%        6
 Discord                  Hex            4%         N/A       100%        8
 Disjunction              Tloc           4%         N/A       100%        8


Dungeon Overview and Level Annotations

Branches:
Dungeon (12/15)            Temple (1/1) D:4            Lair (1/6) D:8
    Orc (0/2) D:12

Altars:
Ashenzari
Cheibriados
Dithmenos
Elyvilon
Fedhas
Gozag
Hepliaklqana
Kikubaaqudgha
Makhleb
Nemelex Xobeh
Okawaru
Qazlal
Ru
Sif Muna
Trog
Uskayaw
Vehumet
Wu Jian
Xom
Yredelemnul
Zin
The Shining One

Shops:
D:9 *   D:12 *


Innate Abilities, Weirdness & Mutations

You are a tree.
Your roots penetrate the ground, keeping you stationary.
You cannot be teleported.
You are immune to unholy pain and torment.
Your maximum health is greatly increased.
Your equipment is partially melded.
((You have a beak for a mouth.))
((You have claws for feet.))
Your magical nature lets you fly swiftly and evasively.


Message History

Press: ? - help, Shift-Dir - straight line, f/p - komodo dragon
Aim: a komodo dragon (heavily wounded, 86% to hit)
The blast of sand hits the komodo dragon but does no damage.
The komodo dragon is heavily wounded.
o - 212 stones The komodo dragon bites you!
* * * LOW HITPOINT WARNING * * *
Casting: Sandblast (safe; 1% risk of failure)
Confirm with . or Enter, or press ? or * to list all spells.
Aiming: Sandblast (safe; 1% risk of failure)
Press: ? - help, Shift-Dir - straight line, f/p - komodo dragon
Aim: a komodo dragon (heavily wounded, 86% to hit)
The blast of sand hits the komodo dragon.
The komodo dragon is heavily wounded.
o - 211 stones The komodo dragon completely misses you.
Casting: Sandblast (safe; 1% risk of failure)
Confirm with . or Enter, or press ? or * to list all spells.
Aiming: Sandblast (safe; 1% risk of failure)
Press: ? - help, Shift-Dir - straight line, f/p - komodo dragon
Aim: a komodo dragon (heavily wounded, 86% to hit)
The blast of sand hits the komodo dragon but does no damage.
The komodo dragon is heavily wounded.
o - 210 stones The komodo dragon bites you.
* * * LOW HITPOINT WARNING * * *
Casting: Sandblast (safe; 1% risk of failure)
Confirm with . or Enter, or press ? or * to list all spells.
Aiming: Sandblast (safe; 1% risk of failure)
Press: ? - help, Shift-Dir - straight line, f/p - komodo dragon
Aim: a komodo dragon (heavily wounded, 86% to hit)
The blast of sand misses the komodo dragon.
o - 209 stones The komodo dragon bites you.
* * * LOW HITPOINT WARNING * * *
Aiming: Charm
Press: ? - help, Shift-Dir - straight line, f/p - komodo dragon
Aim: a komodo dragon (heavily wounded, chance to affect: 31%)
The komodo dragon easily resists.
The komodo dragon bites you!!
You die...

........#
.....^..#
........#
........#
#.......#
........#
##
#.....l.##
..
#......♣.#
..
#.......##
#.......#
#.......#
........#
...####.##
... #..#
.. #..#
#..#


You could see a komodo dragon.

Vanquished Creatures
  Harold (D:11)
  3 two-headed ogres
  Pikel (D:8)
  2 cyclopes
  2 trolls (D:8)
  Grinder (D:5)
  2 shadows (D:10)
  A wraith (D:10)
  6 yaks
  A fire bat (D:6)
  A basilisk (Lair:1)
  Edmund (D:5)
  2 vampire mosquitoes (D:12)
  3 wargs (D:12)
  3 acid dragons
  3 water moccasins
  An ice beast (D:5)
  5 orc warriors
  2 black bears
  2 sky beasts (D:8)
  3 ogres
  A centaur (D:10)
  2 kobold brigands
  Blork the orc (D:5)
  5 bullfrogs
  2 necrophages
  A scorpion (D:6)
  3 wights (D:6)
  9 killer bees
  3 hounds
  2 jellies (D:5)
  3 orc priests
  Ijyb (D:5)
  5 iguanas
  8 orc wizards
  9 adders
  A shadow imp (D:8)
  A white imp (D:6)
  4 ufetubi
  2 worms
  3 dart slugs
  29 orcs
  4 endoplasms
  4 giant cockroaches
  5 hobgoblins
  6 jackals
  4 quokkas
  5 ball pythons
  3 bats
  2 frilled lizards (D:1)
  9 goblins
  12 kobolds
  8 rats
203 creatures vanquished.

Vanquished Creatures (others)
  A fungus (Lair:1)
  6 plants
7 creatures vanquished.

Grand Total: 210 creatures vanquished

Notes
Turn   | Place    | Note
-------+----------+-------------------------------------------
     0 | D:1      | Shayle the Tengu Brigand began the quest for the Orb.
     0 | D:1      | Reached XP level 1. HP: 12/12 MP: 2/2
   298 | D:1      | Reached XP level 2. HP: 17/17 MP: 3/3
   406 | D:1      | Found a faded altar of an unknown god.
   691 | D:1      | Reached XP level 3. HP: 22/22 MP: 4/4
  1523 | D:2      | Reached XP level 4. HP: 27/27 MP: 5/5
  1939 | D:3      | Found an ornate altar of the Wu Jian Council.
  1995 | D:3      | Reached skill level 3 in Fighting
  2420 | D:3      | Noticed a necrophage
  2438 | D:3      | Killed a necrophage
  2439 | D:3      | Reached skill level 5 in Stealth
  2439 | D:3      | Gained mutation: Your magical nature lets you fly swiftly
                  | and evasively. [Tengu growth]
  2439 | D:3      | Reached XP level 5. HP: 20/31 MP: 6/6
  3134 | D:4      | Found a hazy altar of Hepliaklqana.
  3514 | D:4      | Reached XP level 6. HP: 33/38 MP: 7/7
  3664 | D:4      | Reached skill level 4 in Fighting
  4332 | D:4      | Found a staircase to the Ecumenical Temple.
  4341 | Temple   | Entered the Ecumenical Temple
  4412 | Temple   | Became a worshipper of Vehumet
  4763 | D:5      | Entered Level 5 of the Dungeon
  4790 | D:5      | Reached XP level 7. HP: 44/44 MP: 8/8
  4791 | D:5      | Noticed Edmund
  4809 | D:5      | Killed Edmund
  5179 | D:5      | Reached skill level 5 in Fighting
  5179 | D:5      | Reached skill level 5 in Dodging
  5398 | D:5      | Reached skill level 1 in Spellcasting
  5398 | D:5      | Reached XP level 8. HP: 4/49 MP: 8/10
  5873 | D:5      | Noticed Grinder
  5886 | D:5      | Paralysed by Grinder for 6 turns
  5902 | D:5      | Killed Grinder
  6179 | D:5      | Noticed Blork the orc
  6180 | D:5      | Noticed Ijyb
  6225 | D:5      | Killed Ijyb
  6226 | D:5      | Reached skill level 6 in Fighting
  6245 | D:5      | Killed Blork the orc
  6346 | D:5      | Identified the +0 plate armour of Xom's Castigation {Dex+2}
  6458 | D:5      | HP: 2/51 [orc warrior/+0 scimitar (14)]
  6971 | D:6      | Noticed Maggie
  6975 | D:6      | Noticed Maggie
  6975 | D:6      | Maggie changed into Maggie the fire bat
  6982 | D:6      | Killed Maggie the fire bat
  6983 | D:6      | Reached XP level 9. HP: 56/56 MP: 15/15
  6989 | D:6      | Learned a level 2 spell: Blink
  7050 | D:6      | Reached * piety under Vehumet
  7050 | D:6      | Offered knowledge of Sandblast by Vehumet.
  7171 | D:6      | Found a glowing silver altar of Zin.
  7175 | D:6      | Found an opulent altar of Gozag.
  7177 | D:6      | Found a stormy altar of Qazlal.
  7178 | D:6      | Found an iron altar of Okawaru.
  7184 | D:6      | Found a shimmering altar of Xom.
  7234 | D:6      | Reached skill level 7 in Fighting
  8340 | D:7      | Reached skill level 5 in Spellcasting
  8398 | D:7      | Noticed a cyclops
  8429 | D:7      | Killed a cyclops
  8430 | D:7      | Reached skill level 8 in Fighting
  8758 | D:8      | Reached XP level 10. HP: 37/64 MP: 19/19
  9053 | D:8      | Learned a level 1 spell: Sandblast
  9058 | D:8      | Noticed Pikel
  9079 | D:8      | Killed Pikel
  9954 | D:8      | Found a shimmering blue altar of Sif Muna.
 10640 | D:8      | Found a staircase to the Lair.
 10862 | D:9      | Found Zoonnial's Island Escapes.
 10870 | D:9      | Bought a potion of invisibility for 96 gold pieces
 10870 | D:9      | Bought a scroll of blinking for 90 gold pieces
 10870 | D:9      | Bought a potion of invisibility for 96 gold pieces
 10870 | D:9      | Bought a scroll of teleportation for 36 gold pieces
 10896 | D:9      | Reached skill level 1 in Earth Magic
 11143 | D:9      | Noticed a two-headed ogre
 11151 | D:9      | Killed a two-headed ogre
 11164 | D:9      | Identified the +5 leather armour of Darkness {Regen+
                  | Stlth+}
 11262 | D:9      | HP: 2/65 [troll (10)]
 11359 | D:8      | Reached skill level 9 in Fighting
 11388 | D:8      | Reached skill level 1 in Armour
 11675 | D:8      | Reached ** piety under Vehumet
 11697 | D:8      | Offered knowledge of Magic Dart by Vehumet.
 11846 | D:9      | Found a sacrificial altar of Ru.
 12074 | D:9      | Reached XP level 11. HP: 71/71 MP: 22/22
 12308 | D:9      | Found a broken altar of Ashenzari.
 12388 | D:10     | Entered Level 10 of the Dungeon
 12743 | D:9      | Learned a level 6 spell: Conjure Ball Lightning
 12873 | D:10     | Found a burning altar of Makhleb.
 12879 | D:10     | Found a snail-covered altar of Cheibriados.
 13125 | D:10     | Found a basalt altar of Yredelemnul.
 13523 | D:11     | Noticed Harold
 13541 | D:11     | Killed Harold
 13542 | D:11     | Reached skill level 1 in Conjurations
 13542 | D:11     | Reached skill level 1 in Air Magic
 13554 | D:11     | Noticed a cyclops
 13731 | D:11     | Noticed a two-headed ogre
 13742 | D:11     | Killed a two-headed ogre
 13987 | D:11     | Noticed a cyclops
 13997 | D:11     | Killed a cyclops
 14001 | D:11     | HP: 2/72 [orc warrior/+0 glaive (9)]
 14007 | D:11     | Found an ornate altar of the Wu Jian Council.
 14873 | D:12     | Noticed a manticore
 14959 | D:12     | Noticed a two-headed ogre
 15002 | D:12     | Killed a two-headed ogre
 15069 | D:12     | Found a staircase to the Orcish Mines.
 15353 | D:12     | Found Fiapell's Mayhem Merchandise.
 15390 | D:11     | Noticed a cyclops
 15516 | Lair:1   | Entered Level 1 of the Lair of Beasts
 15635 | Lair:1   | Reached skill level 10 in Fighting
 15804 | Lair:1   | Mangled by a komodo dragon

Illustrated notes

Levels and vault maps discovered:
D:1:      minmay_arrival_stone_box, layout_basic, shapermc_ecumenical_altar_gd,
          minivault_26
D:2:      layout_basic
D:3:      layout_loops_ring, mainiacjoe_overflow_six_doors_small, minmay_between
D:4:      layout_basic, mainiacjoe_overflow_chevrons, minmay_temple_entry_ruins
D:5:      layout_basic, uniq_edmund, uniq_grinder, uniq_ijyb, uniq_blork_the_orc
D:6:      layout_cave_pools, nicolae_overflow_hallway_of_the_gods,
          kennysheep_doodads, kennysheep_nub, grunt_ministairs_7, uniq_maggie
D:7:      layout_loops_ring
D:8:      layout_basic, mainiacjoe_overflow_tiny_flanked, lair_entry_dummy,
          minmay_misc_feat_pillars, uniq_pikel
D:9:      layout_cave_pools, nicolae_ashenzari_panopticon,
          mainiacjoe_overflow_alcove_1, nicolae_island_escapes
D:10:     layout_cave_pools, mainiacjoe_overflow_catwalk_spiral,
          mainiacjoe_overflow_24_doors, serial_glass, glass_columns_b,
          glass_columns_c
D:11:     layout_basic, minivault_10, corexii_hall_statues_s, minivault_16,
          pdpol_wu_jian_five_deadly_venoms, uniq_harold
D:12:     minmay_general_purpose_star, layout_basic,
          minmay_orc_entry_guard_dogs, hangedman_decor_clover_reticule,
          grunt_ministairs_7, small_statue_intersection, serial_park_tiny_pond,
          minmay_shop_mayhem, uniq_snorg
Temple:   jpeg_temple_island
Lair:1:   layout_small_grid

Skill      XL: |  1  2  3  4  5  6  7  8  9 10 11 |
---------------+----------------------------------+-----
Dodging        | 2 3 4 5 7 8 9 |  9.5
Fighting       | 3 4 5 6 8 9 10 | 10.0
Stealth        | 5 6 |  6.6
Spellcasting   | 1 3 5 7 |  7.7
Earth Magic    | 2 3 |  3.7
Armour         | 3 4 |  4.6
Conjurations   | 3 |  3.5
Air Magic      | 3 |  3.7
Short Blades   | |  2.1
Throwing       | |  2.0

Action                   |  1- 3 |  4- 6 |  7- 9 | 10-12 || total
-------------------------+-------+-------+-------+-------++-------
Melee: Dagger            |    75 |   159 |    26 |       ||   260
       Peck              |    16 |    27 |    37 |    70 ||   150
       Kick              |    10 |    54 |    60 |   121 ||   245
       Punch             |       |     2 |     3 |     4 ||     9
       Flail             |       |       |   154 |   311 ||   465
       Unarmed           |       |       |    23 |       ||    23
Throw: Dart              |     8 |       |    22 |    13 ||    43
 Cast: Sandblast         |       |       |       |    20 ||    20
Evoke: Wand              |       |       |     1 |    24 ||    25
  Use: Potion            |       |     2 |     2 |     6 ||    10
       Scroll            |       |       |    17 |     7 ||    24
 Stab: Sleeping          |    13 |    10 |     6 |     3 ||    32
       Invisible         |       |       |       |     1 ||     1
Armor: Robe              |    11 |    27 |       |       ||    38
       Quicksilver drago |       |     1 |    67 |    13 ||    81
       Leather armour    |       |       |       |    32 ||    32
       Acid dragon scale |       |       |       |    53 ||    53
       Skin              |       |       |       |     5 ||     5
Dodge: Dodged            |    26 |    92 |   162 |   442 ||   722

Table legend: (Time is in decaauts)
 A = Elapsed time spent in this place.
 B = Non-inter-level travel time spent in this place.
 C = Inter-level travel time spent in this place.
 D = Time resting spent in this place.
 E = Time spent auto-exploring this place.
 F = Levels seen in this place.
 G = Mean time per level.
                   A        B        C        D        E       F      G
               +--------+--------+--------+--------+--------+-----+--------+
         Total |  15342 |  14733 |    609 |   4469 |   6459 |  14 | 1095.9 |
       Dungeon |  14969 |  14382 |    587 |   4336 |   6347 |  12 | 1247.4 |
        Temple |     85 |     65 |     20 |      0 |     47 |   1 |   85.0 |
          Lair |    287 |    287 |      0 |    133 |     64 |   1 |  287.0 |
               +--------+--------+--------+--------+--------+-----+--------+

Top non-repeatable levels by time:
     D:8: 2109 daAuts
     D:5: 2068 daAuts
     D:4: 1446 daAuts
     D:9: 1383 daAuts
     D:3: 1370 daAuts
     D:7: 1170 daAuts
     D:2: 1008 daAuts
    D:12: 983 daAuts
    D:11: 946 daAuts
     D:1: 872 daAuts
    D:10: 846 daAuts
     D:6: 763 daAuts
  Lair:1: 287 daAuts
  Temple: 85 daAuts
